AoeStats
← [Tps] Gordon Freeman

African Clearing

506962251Analyzed
2v2 RM · 17d ago on Sep 16, 2026· 47m 28s· 4 players
Game mode
Random Map
Map size
Medium (4 player)
Population
200
Speed
Normal
Resources
Standard
Victory
Conquest
Starting age
Dark Age
Ending age
Imperial Age
RankedLock teamsTeams togetherTeam positionsShared explorationLock speedFull tech treeHidden civsTurbo modeCheats
Victory
Defeat
🇦🇷 Saracens · Argentina
1151
+13
🇦🇷 Khmer · Argentina
1059
+17
🇺🇸 Berbers · United States
1077
-15
🇺🇸 Muisca · United States
1074
-15
Rat Milk
13:29 Loom
15:55 Feudal Age
20:45 Castle Age
18:49 Horse Collar
20:37 Forging
20:17 Fletching
23:04 Gold Mining
SpankyDaPossum
8:02 Loom
13:40 Feudal Age
14:36 Double-Bit Axe
23:23 Castle Age
23:04 Horse Collar
31:00 Heavy Plow
31:41 Pikeman
33:11 Fletching
40:21 Padded Archer Armor
42:10 Bow Saw
42:01 Bodkin Arrow
43:08 Leather Archer Armor
47:38 Imperial Age
45:33 Ballistics
eloydordolo87
11:38 Loom
14:10 Feudal Age
17:37 Castle Age
17:53 Double-Bit Axe
28:05 Bloodlines
31:32 Husbandry
33:38 Horse Collar
35:45 Wheelbarrow
36:22 Heavy Plow
37:27 Scale Barding Armor
38:07 Forging
39:01 Chain Barding Armor
43:13 Bow Saw
44:13 Iron Casting
45:41 Hand Cart
50:03 Imperial Age
48:19 Ballistics
[Tps] Gordon Freeman
10:37 Loom
14:38 Feudal Age
15:11 Double-Bit Axe
18:09 Fletching
19:10 Padded Archer Armor
26:12 Castle Age
26:41 Gold Mining
26:13 Crossbowman
26:50 Bodkin Arrow
27:12 Leather Archer Armor
27:33 Horse Collar
28:30 Wheelbarrow
28:20 Bow Saw
32:21 Ballistics
33:54 Thumb Ring
37:11 Gold Shaft Mining
38:03 Heavy Plow
43:52 Stone Mining
Connection lost

Rejoining the realm…

Still unreachable

The connection could not be restored.

Session expired

The server has moved on; the page needs a fresh start.